 Dungeon Crawl Stone Soup version 0.25.0 (webtiles) character file.

Game seed: 18126685370082057133

91 Masnef the Vexing (level 4, 0/34 HPs)
             Began as a Barachi Arcane Marksman on June 13, 2020.
             Slain by an adder (1 damage)
             ... on level 2 of the Dungeon.
             The game lasted 00:22:58 (1555 turns).

Masnef the Vexing (Barachi Arcane Marksman)         Turns: 1555, Time: 00:22:58

Health: 0/34       AC:  2    Str: 12    XL:     4   Next: 59%
Magic:  6/7        EV: 13    Int: 13    God:
Gold:   50         SH:  0    Dex: 13    Spells: 4/7 levels left

rFire    . . .     SeeInvis .   a - +1 hunting sling
rCold    . . .     Gourm    .   (no shield)
rNeg     . . .     Faith    .   e - +0 robe
rPois    .         Spirit   .   (no helmet)
rElec    .         Reflect  .   (no cloak)
rCorr    .         Harm     .   (no gloves)
MR       .....                  (no boots)
Stlth    +.........             (no amulet)
HPRegen  0.11/turn              (no ring)
MPRegen  0.10/turn              (no ring)

@: lethally poisoned (0 -> -4), can't hop, slow
A: +LOS, swims, slowness 1, strong legs 1
a: Hop


You were on level 2 of the Dungeon.
You were not hungry.

You visited 1 branch of the dungeon, and saw 2 of its levels.

You collected 50 gold pieces.

Inventory:

Hand Weapons
 a - a +1 hunting sling (weapon)
 b - a +0 short sword of protection
 h - a +0 spear
 m - a +0 hunting sling
 n - a +0 dagger
Missiles
 d - 6 sling bullets (quivered)
 k - 15 poisoned darts
 l - 17 stones
Armour
 e - a +0 robe (worn)
 g - a +0 robe
Scrolls
 j - a scroll of magic mapping
Comestibles
 f - 6 rations


   Skills:
 + Level 2.5 Fighting
 + Level 1.2 Short Blades
 - Level 2.2 Slings
 + Level 2.9 Dodging
 + Level 2.0 Spellcasting
 + Level 3.9 Hexes


You had 4 spell levels left.
You knew the following spells:

 Your Spells              Type           Power        Failure   Level  Hunger
a - Corona                Hex            ##.....      5%          1    ##.....
b - Slow                  Hex            ##......     8%          2    ###....

Your spell library contained the following spells:

 Spells                   Type           Power        Failure   Level  Hunger
 Inner Flame              Hex/Fire       #.......     34%         3    ####...
 Portal Projectile        Hex/Tloc       #.....       34%         3    ####...
 Cause Fear               Hex            ##........   45%         4    #####..
 Leda's Liquefaction      Hex/Erth       #.........   75%         4    #####..


Dungeon Overview and Level Annotations

Branches:
Dungeon (2/15)

Altars:
Xom


Innate Abilities, Weirdness & Mutations

You can be seen from farther away. (+LOS)
You can swim through water.
You cover ground slowly.
You can hop short distances.


Message History

* * * LOW HITPOINT WARNING * * *
You are lethally poisoned!
The adder poisons you!
You aren't carrying any potions.
Okay, then.
Okay, then.
* * * LOW HITPOINT WARNING * * *
You feel sick.
* * * LOW HITPOINT WARNING * * *
You feel sick.
* * * LOW HITPOINT WARNING * * *
You feel sick.
* * * LOW HITPOINT WARNING * * *
You feel sick.
The adder is no longer moving slowly.
The adder barely misses you.
* * * LOW HITPOINT WARNING * * *
You feel sick.
Found 22 arrows.
The adder bites you.
You die...

# ###### .# #....# .#
#....# #^# #....# ..#
###########....##..######
...(..((.......S@.>......
###########....##........
....# #....# ........
###.# #....# ........
#...(# .###.... #....# ##
... #....# (. .....( .
########


You could see an adder.

Vanquished Creatures
  A howler monkey (D:2)
  An ooze (D:1)
  3 dart slugs (D:1)
  2 leopard geckos
  3 giant cockroaches (D:1)
  5 goblins (D:1)
  3 hobgoblins (D:1)
  4 jackals (D:1)
  7 bats
  4 kobolds (D:1)
  8 rats
41 creatures vanquished.

Notes
Turn   | Place    | Note
-------+----------+-------------------------------------------
     0 | D:1      | Masnef the Barachi Arcane Marksman began the quest for the
                  | Orb.
     0 | D:1      | Reached XP level 1. HP: 15/15 MP: 2/2
   238 | D:1      | Reached XP level 2. HP: 9/21 MP: 1/3
   616 | D:1      | Reached XP level 3. HP: 21/27 MP: 5/5
  1034 | D:1      | Learned a level 2 spell: Slow
  1316 | D:2      | Found a shimmering altar of Xom.
  1448 | D:2      | Reached skill level 1 in Short Blades
  1448 | D:2      | Reached XP level 4. HP: 26/34 MP: 5/7
  1554 | D:2      | HP: 1/34 [poisoned by an adder]
  1555 | D:2      | Slain by an adder

Illustrated notes

Levels and vault maps discovered:
D:1:      co_arrival_square_in_a_square_in_a_square, layout_rooms,
          serial_rivers, chequers_serial_rivers_large_b,
          chequers_serial_rivers_micro_c, chequers_serial_rivers_small_3,
          chequers_serial_rivers_micro_c, chequers_serial_rivers_marsh,
          minmay_vboxes
D:2:      layout_basic, marbit_many_paths, zin_statuary,
          brannock_xom_greatest_gift, old_standard_altar, lemuel_round_altar,
          glass_columns_c

Skill      XL: |  1  2  3 |
---------------+----------+-----
Fighting       | 2 |  2.5
Short Blades   | 1 |  1.2
Spellcasting   | 2 |  2.0
Slings         | |  2.2
Dodging        | |  2.9
Hexes          | |  3.9

Action                   |  1- 3 |  4- 6 || total
-------------------------+-------+-------++-------
Melee: Spear             |    23 |       ||    23
       Short sword       |    41 |       ||    41
 Fire: Hunting sling     |    67 |     9 ||    76
 Cast: Corona            |     2 |     1 ||     3
       Slow              |       |     1 ||     1
 Abil: Hop               |     3 |     1 ||     4
  Use: Scroll            |     4 |       ||     4
       Potion            |     1 |       ||     1
  Eat: Ration            |     1 |       ||     1
       Chunk             |     1 |       ||     1
Armor: Robe              |    28 |       ||    28
Dodge: Dodged            |    95 |    13 ||   108
